AoeStats
← theclaydude

Black Forest

510439816Analyzed
4v4 RM · 2d ago on Oct 1, 2026· 67m 14s· 8 players
Game mode
Random Map
Map size
Large (8 player)
Population
200
Speed
Normal
Resources
Standard
Victory
Conquest
Starting age
Dark Age
Ending age
Imperial Age
RankedLock teamsTeams togetherTeam positionsShared explorationLock speedFull tech treeHidden civsTurbo modeCheats
Victory
Defeat
🇺🇸 Byzantines · United States
1076
+17
🇺🇸 Berbers · United States
1042
+19
🇺🇸 Saxons · United States
1028
+19
🇺🇸 Varangians · United States
975
+22
🇲🇽 Danes · Mexico
1137
-20
🇬🇧 Ethiopians · United Kingdom
1105
-21
🇨🇳 Britons · China
1089
-19
🇺🇸 Danes · United States
1087
-19
Varryn87
1:28 Loom
12:56 Feudal Age
13:38 Double-Bit Axe
18:56 Castle Age
18:41 Gold Mining
22:13 Fervor
23:43 Caravan
24:42 Horse Collar
33:50 Imperial Age
32:21 Forging
32:46 Squires
33:29 Heavy Plow
35:00 Wheelbarrow
35:05 Iron Casting
34:58 Conscription
34:08 Elite Jomsviking
34:52 Scale Mail Armor
35:27 Arson
36:46 Blast Furnace
36:44 Hand Cart
37:23 Chain Mail Armor
36:37 Hamask
40:43 Plate Mail Armor
39:52 Elite Varangian Guard
41:28 Gambesons
43:23 Town Watch
52:25 Heavy Scorpion
[MIAAU] GM Panzer IV
12:26 Feudal Age
13:10 Double-Bit Axe
13:08 Horse Collar
16:05 Castle Age
17:07 Heavy Plow
17:18 Bow Saw
21:45 Wheelbarrow
24:12 Hand Cart
26:47 Caravan
29:44 Loom
32:32 Imperial Age
29:49 Loom
33:35 Town Watch
33:15 Onager
33:16 Northmen's Fury
34:11 Siege Engineers
34:03 Hamask
34:55 Siege Onager
36:57 Gold Mining
36:57 Stone Mining
37:29 Ballistics
38:10 Chemistry
37:20 Scale Mail Armor
37:31 Forging
37:53 Heavy Scorpion
39:16 Masonry
39:21 Careening
42:28 Arson
42:44 Squires
43:00 Chain Mail Armor
43:20 Iron Casting
50:28 Plate Mail Armor
53:04 Blast Furnace
Mithranqueer
15:29 Feudal Age
17:16 Loom
19:05 Horse Collar
19:11 Double-Bit Axe
21:52 Castle Age
22:42 Heavy Plow
24:56 Wheelbarrow
26:42 Bow Saw
29:03 Caravan
31:48 Scale Mail Armor
31:58 Forging
32:29 Hand Cart
34:45 Imperial Age
32:01 Town Watch
32:10 Gold Mining
32:11 Stone Mining
34:04 Royal Heirs
34:48 Chain Mail Armor
35:08 Iron Casting
35:26 Careening
35:34 Murder Holes
35:17 Elite Shotel Warrior
36:43 Plate Mail Armor
37:14 Chemistry
36:20 Siege Engineers
36:04 Elite Shotel Warrior
37:11 Masonry
38:45 Blast Furnace
37:36 Fletching
38:21 Squires
38:07 Arson
40:23 Bodkin Arrow
44:29 Ballistics
Big哥
10:51 Feudal Age
17:56 Castle Age
16:21 Double-Bit Axe
17:09 Horse Collar
24:49 Stone Mining
25:16 Gold Mining
27:32 Wheelbarrow
27:50 Gold Shaft Mining
27:55 Fletching
28:10 Padded Archer Armor
32:24 Imperial Age
30:13 Hand Cart
30:22 Leather Archer Armor
30:34 Yeomen
30:20 Bodkin Arrow
30:57 Caravan
31:37 Bow Saw
33:26 Conscription
32:29 Elite Longbowman
34:53 Bracer
35:24 Ring Archer Armor
Phoenixmatthew
1:34 Loom
10:43 Feudal Age
15:03 Castle Age
12:53 Double-Bit Axe
12:51 Horse Collar
16:08 Bow Saw
16:01 Heavy Plow
23:43 Wheelbarrow
25:53 Gold Mining
25:54 Stone Mining
26:31 Forging
26:40 Scale Mail Armor
27:23 Gold Shaft Mining
27:14 Hand Cart
27:42 Gambesons
27:57 Squires
27:43 Arson
31:24 Imperial Age
30:36 Iron Casting
30:17 Chain Mail Armor
32:43 Plate Mail Armor
33:01 Conscription
32:19 Shield Wall
32:25 Clerical Recruitment
32:49 Elite Varangian Guard
41:41 Ballistics
42:22 Chemistry
41:18 Murder Holes
41:04 Treadmill Crane
41:14 Heated Shot
41:34 Fortified Wall
41:15 Guard Tower
41:10 Arrowslits
41:31 Siege Engineers
41:37 Masonry
43:58 Caravan
46:20 Two-Man Saw
45:54 Crop Rotation
47:43 Keep
53:09 Onager
56:04 Fletching
56:15 Padded Archer Armor
56:21 Scale Barding Armor
dr.kevinbubbles.ph.d
0:32 Loom
11:38 Feudal Age
19:28 Castle Age
18:08 Double-Bit Axe
24:19 Bow Saw
23:58 Horse Collar
25:55 Heavy Plow
27:06 Wheelbarrow
27:35 Forging
29:07 Arson
29:22 Squires
29:08 Gambesons
32:11 Hand Cart
31:56 Stone Mining
31:59 Gold Mining
35:49 Imperial Age
34:12 Iron Casting
33:38 Scale Mail Armor
35:50 Elite Varangian Guard
39:44 Chain Mail Armor
40:30 Blast Furnace
47:33 Chemistry
I can't get no mattisfaction
6:12 Loom
11:00 Feudal Age
12:10 Double-Bit Axe
12:12 Horse Collar
14:52 Castle Age
16:10 Bow Saw
18:12 Heavy Plow
23:02 Wheelbarrow
25:20 Hand Cart
25:13 Gold Mining
26:34 Gold Shaft Mining
27:17 Stone Mining
30:26 Imperial Age
27:42 Town Watch
28:50 Coinage
28:47 Town Patrol
29:26 Ballistics
28:48 Treadmill Crane
29:21 Caravan
29:38 Kasbah
29:31 Fletching
30:43 Stone Shaft Mining
30:32 Bodkin Arrow
30:39 Padded Archer Armor
30:53 Thumb Ring
31:02 Bloodlines
30:53 Husbandry
31:39 Banking
31:35 Conscription
31:17 Maghrebi Camels
31:23 Bracer
32:25 Chemistry
32:11 Guilds
31:44 Elite Camel Archer
32:42 Leather Archer Armor
31:51 Heavy Camel Rider
34:11 Ring Archer Armor
33:14 Light Cavalry
34:01 Scale Barding Armor
34:08 Forging
34:59 Siege Engineers
35:15 Hussar
36:17 Chain Barding Armor
36:33 Iron Casting
37:45 Hoardings
37:22 Masonry
39:17 Plate Barding Armor
39:43 Blast Furnace
38:58 Murder Holes
43:41 Crop Rotation
45:22 Capped Ram
47:05 Fervor
47:43 Fortified Wall
theclaydude
7:29 Loom
10:38 Feudal Age
15:01 Castle Age
14:31 Double-Bit Axe
17:52 Horse Collar
18:52 Bow Saw
23:35 Heavy Plow
25:54 Wheelbarrow
29:36 Imperial Age
27:17 Gold Mining
27:20 Stone Mining
27:43 Husbandry
28:34 Forging
29:23 Gold Shaft Mining
29:37 Hand Cart
29:41 Scale Barding Armor
30:52 Logistica
33:15 Stone Shaft Mining
33:45 Two-Man Saw
34:00 Elite Cataphract
34:07 Light Cavalry
34:29 Elite Genitour
35:18 Thumb Ring
35:55 Iron Casting
35:41 Chain Barding Armor
35:16 Fletching
36:07 Caravan
38:38 Plate Barding Armor
39:32 Hussar
50:03 Chemistry
49:23 Ballistics
49:07 Cavalier
51:07 Paladin
Connection lost

Rejoining the realm…

Still unreachable

The connection could not be restored.

Session expired

The server has moved on; the page needs a fresh start.